 Dungeon Crawl Stone Soup version 0.31-a0-1178-gc5c9b8f871 (webtiles) character file.

Game seed: 835669396546169778

207 qw the Shooter (level 5, -14/32 HPs)
             Began as a Gargoyle Hunter on Dec 11, 2023.
             Demolished by an ogre
             ... wielding a +0 giant club
              (17 damage)
             ... on level 4 of the Dungeon.
             The game lasted 00:00:52 (2178 turns).

qw the Shooter (Gargoyle Hunter)                    Turns: 2178, Time: 00:00:53

Health: -14/32     AC:  7    Str: 15    XL:     5   Next: 85%
Magic:  5/5        EV: 12    Int:  9    God:
Gold:   128        SH:  0    Dex: 15    Spells: 4/4 levels left

rFire   + . .        a - +1 shortbow
rCold   + . .        (shield currently unavailable)
rNeg    + . .        e - +1 robe {rC+ rF+}
rPois   inf          (no helmet)
rElec   +            (no cloak)
rCorr   .            (no gloves)
SInv    .            (no boots)
Will    .....        (no amulet)
Stlth   ++           (no ring)
HPRegen 0.25/turn    (no ring)
MPRegen 0.09/turn

%: no passive effects
@: no status effects
A: sickness immunity, AC +4, negative energy resistance 1, electricity
resistance, torment resistance 1, petrification resistance
a: no special abilities


You were on level 4 of the Dungeon.
You visited 1 branch of the dungeon, and saw 4 of its levels.

You collected 128 gold pieces.


Innate Abilities, Weirdness & Mutations

You are immune to sickness and miasma.
Your stone body is resilient. (AC +4)
You are immune to poison.
You resist negative energy. (rN+)
You are resistant to electric shocks. (rElec)
You are resistant to unholy torment.
You are immune to petrification.


   Skills:
 + Level 3.2 Fighting
 - Level 6.4 Ranged Weapons
 - Level 1.0 Armour
 - Level 1.5 Dodging
 - Level 1.1 Stealth


You had 4 spell levels left.
You didn't know any spells.
Your spell library was empty.

Inventory:

Hand Weapons
 a - a +1 shortbow (weapon)
Armour
 b - a +0 ring mail
 e - a +1 robe of resistance (worn)
Potions
 d - a potion of curing
 g - 3 potions of haste

Dungeon Overview and Level Annotations

Branches:
Dungeon (4/15)
 Temple: D:4-7

Altars:


Message History

Done exploring.
2147 ||| DROPPING scroll of amnesia.
You drop a scroll of amnesia.
Done exploring.
What level of the Dungeon? (default 3, ? - help)
There is a stone staircase leading down here.
You climb downwards.
Found a stone staircase leading down.
There is a stone staircase leading up here.
Waypoint 3 assigned to D:4.
There is a stone staircase leading up here.
There is a stone staircase leading down here.
There is a stone staircase leading down here.
Found a leather armour.
An ogre comes into view. It is wielding a +0 giant club.
You shoot an arrow. The arrow hits the ogre.
The ogre shouts!
The ogre is lightly wounded.
You hear a shout!
You shoot an arrow. The arrow hits the ogre.
The ogre is moderately wounded.
You shoot an arrow. The arrow barely misses the ogre.
A hobgoblin comes into view.
You shoot an arrow. The arrow hits the ogre.
The ogre is moderately wounded.
You shoot an arrow.
The arrow hits the ogre but does no damage.
The ogre is moderately wounded.
The ogre hits you with a +0 giant club!
You shoot an arrow. The arrow hits the ogre.
The ogre is heavily wounded.
The ogre hits you with a +0 giant club!!
Ouch! That really hurt!
You shoot an arrow. The arrow hits the ogre!
The ogre is severely wounded.
You shoot an arrow. The arrow barely misses the ogre.
The arrow hits the hobgoblin.
The hobgoblin is severely wounded.
The ogre hits you with a +0 giant club!
Ouch! That really hurt!
You die...

. ¤ ##¤ ..# #.##+#
#.##.# .[.####.##.#
#..g.O@...##
#..###.#...##
#..###<>....#
#......#...##
#.######..########.
#...........
############


You could see an ogre and a hobgoblin.

Vanquished Creatures
  A sky beast (D:3)
  An orc wizard (D:3)
  3 adders
  A worm (D:3)
  2 dart slugs (D:1)
  4 orcs (D:3)
  3 ball pythons (D:1)
  6 endoplasms
  A goblin (D:1)
  4 hobgoblins
  4 jackals (D:1)
  3 kobolds
  A quokka (D:1)
  3 bats (D:1)
  3 frilled lizards
  8 rats
48 creatures vanquished.

Notes
Turn   | Place    | Note
-------+----------+-------------------------------------------
     0 | D:1      | qw the Gargoyle Hunter began the quest for the Orb.
     0 | D:1      | Reached XP level 1. HP: 12/12 MP: 1/1
     0 | D:1      | 0 ||| qw: Version: 0.3-a-106-g2cfff9e
     0 | D:1      | 0 ||| qw: Game counter: 1963
     0 | D:1      | 0 ||| qw: Melee chars always use a shield: true
     0 | D:1      | 0 ||| qw: God list: Okawaru
     0 | D:1      | 0 ||| qw: Allow faded altars: false
     0 | D:1      | 0 ||| qw: Do Orc after clearing Dungeon:15 true
     0 | D:1      | 0 ||| qw: Do second Lair branch before Depths: true
     0 | D:1      | 0 ||| qw: Lair rune preference: random
     0 | D:1      | 0 ||| qw: Goals: Normal, Save, Zot:1-4, Win
     0 | D:1      | 0 ||| PLANNING D:1-11
   274 | D:1      | Reached XP level 2. HP: 17/17 MP: 2/2
   487 | D:1      | Reached XP level 3. HP: 21/21 MP: 3/3
   563 | D:1      | Reached skill level 5 in Ranged Weapons
  1034 | D:1      | 1034 ||| DROPPING ring of magical power.
  1035 | D:1      | 1035 ||| READING 3 scrolls labelled TOANGEANUI.
  1035 | D:1      | 1035 ||| IDENTIFYING pink potion
  1036 | D:1      | 1036 ||| READING 2 scrolls of identify.
  1036 | D:1      | 1036 ||| IDENTIFYING 3 black potions
  1037 | D:1      | 1037 ||| READING scroll of identify.
  1037 | D:1      | 1037 ||| IDENTIFYING scroll labelled WEKUSINUIXT
  1038 | D:1      | 1038 ||| DROPPING scroll of butterflies.
  1039 | D:1      | 1039 ||| DROPPING scroll of blinking.
  1040 | D:1      | 1040 ||| DROPPING potion of ambrosia.
  1262 | D:2      | Found a faded altar of an unknown god.
  1563 | D:2      | 1563 ||| UPGRADING to +0 ring mail.
  1573 | D:2      | 1573 ||| DROPPING +0 leather armour.
  1574 | D:2      | 1574 ||| READING scroll of identify.
  1574 | D:2      | 1574 ||| IDENTIFYING 2 purple potions
  1575 | D:2      | 1575 ||| READING scroll labelled PAFIMOEHIM.
  1575 | D:2      | 1575 ||| ENCHANTING +0 shortbow.
  1612 | D:3      | 1612 ||| Stepping ~*~*~tactically~*~*~ (retreating).
  1613 | D:3      | 1613 ||| Stepping ~*~*~tactically~*~*~ (retreating).
  1614 | D:3      | 1614 ||| Stepping ~*~*~tactically~*~*~ (retreating).
  1618 | D:3      | 1618 ||| DRINKING 2 potions of curing.
  1618 | D:3      | 1618 ||| (to cure confusion)
  1625 | D:3      | Reached skill level 1 in Armour
  1628 | D:3      | Reached skill level 3 in Fighting
  1628 | D:3      | Reached XP level 4. HP: 9/28 MP: 4/4
  1634 | D:3      | 1634 ||| DRINKING potion of curing.
  1634 | D:3      | 1634 ||| (to cure confusion)
  1651 | D:3      | HP: 4/28 [orc wizard/magic dart (7)]
  1660 | D:3      | 1660 ||| FLEEEEING.
  1661 | D:3      | 1661 ||| FLEEEEING.
  1662 | D:3      | 1662 ||| FLEEEEING.
  1663 | D:3      | 1663 ||| FLEEEEING.
  1664 | D:3      | 1664 ||| FLEEEEING.
  1665 | D:3      | 1665 ||| STAIRDANCE
  1772 | D:3      | Noticed a sky beast
  1788 | D:3      | Killed a sky beast
  1789 | D:3      | Reached skill level 6 in Ranged Weapons
  1789 | D:3      | Reached XP level 5. HP: 18/32 MP: 5/5
  1909 | D:3      | Identified the +1 robe of the Sturgeon {rF+}
  2125 | D:3      | 2125 ||| UPGRADING to +1 robe of the Sturgeon {rF+}.
  2135 | D:3      | 2135 ||| UPGRADING to +1 robe of resistance.
  2145 | D:3      | 2145 ||| DROPPING +1 robe of the Sturgeon {rF+}.
  2146 | D:3      | 2146 ||| READING scroll of identify.
  2146 | D:3      | 2146 ||| IDENTIFYING scroll labelled EQISSA AREWN
  2147 | D:3      | 2147 ||| DROPPING scroll of amnesia.
  2170 | D:4      | Noticed an ogre
  2176 | D:4      | HP: 3/32 [ogre/+0 giant club (18)]
  2178 | D:4      | Demolished by an ogre

Levels and vault maps discovered:
D:1:      amcnicky_arrival_flooded_fountain, layout_loops_ring,
          roderic_lattice_a
D:2:      layout_basic, dreamdust_ecumenical_altar_angels_and_demons
D:3:      layout_rooms
D:4:      layout_loops_corners, kennysheep_big_empty_room,
          kennysheep_opposing_triangles

Skill      XL: |  1  2  3  4 |
---------------+-------------+-----
Ranged Weapons | 5 6 |  6.4
Armour         | 1 |  1.0
Fighting       | 3 |  3.2
Dodging        | |  1.5
Stealth        | |  1.1

Action                     |  1- 3 |  4- 6 || total
---------------------------+-------+-------++-------
   Fire: Shortbow          |   134 |    64 ||   198
    Use: Scroll            |     5 |     1 ||     6
         Potion            |     1 |     1 ||     2
 Armour: Leather armour    |    39 |       ||    39
         Ring mail         |    13 |    44 ||    57
         Robe              |       |     3 ||     3
  Dodge: Dodged            |    29 |    28 ||    57

Table legend:
 A = Non-vault XP
 B = Vault XP
 C = Vault XP percentage of total XP
 D = Non-vault monster count
 E = Vault monster count
 F = Vault count percentage of total count
                 A         B        C        D         E       F
            +---------+---------+-------+---------+---------+-------
      Total |     297 |       0 |   0.0 |      48 |       0 |   0.0
            +---------+---------+-------+---------+---------+-------
        D:1 |      50 |       0 |   0.0 |      28 |       0 |   0.0
        D:2 |      18 |       0 |   0.0 |       4 |       0 |   0.0
        D:3 |     229 |       0 |   0.0 |      16 |       0 |   0.0
            +---------+---------+-------+---------+---------+-------
